BSA
BAFFIN ISLAND BEAVERS @ ORLANDO CALRISSIAN
08/31/2028
 
TOP OF THE 1ST
Baffin Island Beavers batting - Pitching for Orlando Calrissian : RHP Dave Heath
Pitching: RHP Dave Heath
Batting: RHB Tony Morton 0-0: Ball
1-0: Called Strike
1-1: Foul Ball, location: 2F
1-2: SOLO HOME RUN (Flyball, 7D), Distance : 375 ft
Batting: LHB Norberto Muñóz 0-0: Ground out U3 (Groundball, 3)
Batting: LHB Chris Bates 0-0: Called Strike
0-1: Fly out, F8 (Flyball, 8LD)
Batting: RHB Dave Craig 0-0: Foul Ball, location: 2F
0-1: Ball
1-1: Foul Ball, location: 2F
1-2: Fly out, F4 (Popup, 4S)
Top of the 1st over - 1 run(s), 1 hit(s), 0 error(s), 0 left on base; Baffin Island 1 - Orlando 0
BOTTOM OF THE 1ST
Orlando Calrissian batting - Pitching for Baffin Island Beavers : RHP Jesse Little
Pitching: RHP Jesse Little
Batting: RHB José Pérez 0-0: Fly out, F6 (Popup, 5D)
Batting: LHB Santiago Márquez 0-0: Ball
1-0: Ball
2-0: Foul Ball, location: 2F
2-1: Foul Ball, location: 2F
2-2: Fly out, F6 (Popup, 6MD)
Batting: RHB Rich Anderson 0-0: Called Strike
0-1: Ball
1-1: Ball
2-1: Foul Ball, location: 2F
2-2: Ball
3-2: Fly out, F9 (Flyball, 89S)
Bottom of the 1st over - 0 run(s), 0 hit(s), 0 error(s), 0 left on base; Baffin Island 1 - Orlando 0
TOP OF THE 2ND
Baffin Island Beavers batting - Pitching for Orlando Calrissian : RHP Dave Heath
Batting: LHB Lorenzo Villa 0-0: Ball
1-0: Foul Ball, location: 2F
1-1: Foul Ball, location: 2F
1-2: Ball
2-2: DOUBLE (Line Drive, 9LS)
Batting: SHB Alonso Ferreira 0-0: Foul Ball, location: 2F
0-1: Foul Ball, location: 2F
0-2: Ground out U3 (Groundball, 3)
Lorenzo Villa to third
Batting: LHB Sammy Marshall 0-0: Called Strike
0-1: Ground out 4-3 (Groundball, 4)
Lorenzo Villa scores
Batting: LHB Mike MacFadden 0-0: Ball
1-0: Ball
2-0: SINGLE (Groundball, 4D)
Batting: RHB Alden Isenhood 0-0: Ball
1-0: Ball
2-0: SINGLE (Groundball, 4MD)
Mike MacFadden to second
Batting: RHB Tony Morton 0-0: Called Strike
0-1: Swinging Strike
0-2: Ball
1-2: Foul Ball, location: 2F
1-2: Foul Ball, location: 2F
1-2: Ball
2-2: Strikes out looking
Top of the 2nd over - 1 run(s), 3 hit(s), 0 error(s), 2 left on base; Baffin Island 2 - Orlando 0
BOTTOM OF THE 2ND
Orlando Calrissian batting - Pitching for Baffin Island Beavers : RHP Jesse Little
Batting: RHB Raúl Canó 0-0: Ball
1-0: Fly out, F9 (Flyball, 9LSF)
Batting: SHB Tim Abbott 0-0: Ball
1-0: Foul Ball, location: 2F
1-1: Called Strike
1-2: Strikes out swinging
Batting: RHB Frederico Hernández 0-0: Ball
1-0: Ball
2-0: Fly out, F7 (Flyball, 78S)
Bottom of the 2nd over - 0 run(s), 0 hit(s), 0 error(s), 0 left on base; Baffin Island 2 - Orlando 0
TOP OF THE 3RD
Baffin Island Beavers batting - Pitching for Orlando Calrissian : RHP Dave Heath
Batting: LHB Norberto Muñóz 0-0: Foul Ball, location: 2F
0-1: Bunt for hit - play at first, batter OUT! 1-3
Batting: LHB Chris Bates 0-0: Ball
1-0: Called Strike
1-1: Ball
2-1: Foul Ball, location: 2F
2-2: Foul Ball, location: 2F
2-2: Foul Ball, location: 2F
2-2: Ball
3-2: SINGLE (Groundball, 4MD)
Batting: RHB Dave Craig 0-0: Called Strike
0-1: Called Strike
0-2: Ball
1-2: Hit by Pitch
Chris Bates to second
Batting: LHB Lorenzo Villa 0-0: Ball
1-0: Foul Ball, location: 2F
1-1: Ball
2-1: Grounds into double play, 1-6-3 (Groundball, 13)
Top of the 3rd over - 0 run(s), 1 hit(s), 0 error(s), 1 left on base; Baffin Island 2 - Orlando 0
BOTTOM OF THE 3RD
Orlando Calrissian batting - Pitching for Baffin Island Beavers : RHP Jesse Little
Batting: RHB Júlio Negrón 0-0: Ball
1-0: Called Strike
1-1: Ball
2-1: Called Strike
2-2: Strikes out swinging
Batting: RHB Jesús Gonzáles 0-0: Ball
1-0: Foul Ball, location: 2F
1-1: Ground out 5-3 (Groundball, 5S)
Batting: SHB Brian Price 0-0: Called Strike
0-1: Ball
1-1: Foul Ball, location: 2F
1-2: Strikes out looking
Bottom of the 3rd over - 0 run(s), 0 hit(s), 0 error(s), 0 left on base; Baffin Island 2 - Orlando 0
TOP OF THE 4TH
Baffin Island Beavers batting - Pitching for Orlando Calrissian : RHP Dave Heath
Batting: SHB Alonso Ferreira 0-0: Called Strike
0-1: Foul Ball, location: 2F
0-2: Foul Ball, location: 2F
0-2: Foul Ball, location: 2F
0-2: Ball
1-2: Foul Ball, location: 2F
1-2: Ball
2-2: Ball
3-2: Ground out 4-3 (Groundball, 4D)
Batting: LHB Sammy Marshall 0-0: Ball
1-0: Ball
2-0: Called Strike
2-1: Foul Ball, location: 2F
2-2: Foul Ball, location: 2F
2-2: Foul Ball, location: 2F
2-2: Ground out 4-3 (Groundball, 4M)
Batting: LHB Mike MacFadden 0-0: Called Strike
0-1: Ground out U3 (Groundball, 3)
Top of the 4th over - 0 run(s), 0 hit(s), 0 error(s), 0 left on base; Baffin Island 2 - Orlando 0
BOTTOM OF THE 4TH
Orlando Calrissian batting - Pitching for Baffin Island Beavers : RHP Jesse Little
Batting: RHB José Pérez 0-0: Ball
1-0: SINGLE (Line Drive, 9S)
Batting: LHB Santiago Márquez 0-0: Foul Ball, location: 2F
0-1: Foul Ball, location: 2F
0-2: Ball
1-2: Ball
2-2: Foul Ball, location: 2F
2-2: Strikes out swinging
Batting: RHB Rich Anderson 0-0: Ball
José Pérez steals 2nd base
1-0: Foul Ball, location: 2F
1-1: Called Strike
1-2: Foul Ball, location: 2F
1-2: Foul Ball, location: 2F
1-2: Ground out 5-3 (Groundball, 56)
Batting: RHB Raúl Canó 0-0: Ball
1-0: Foul Ball, location: 2F
1-1: DOUBLE (Flyball, 89M)
José Pérez scores
Batting: SHB Tim Abbott 0-0: Ball
1-0: Foul Ball, location: 2F
1-1: Ball
2-1: Foul Ball, location: 2F
2-2: Foul Ball, location: 2F
2-2: Strikes out looking
Bottom of the 4th over - 1 run(s), 2 hit(s), 0 error(s), 1 left on base; Baffin Island 2 - Orlando 1
TOP OF THE 5TH
Baffin Island Beavers batting - Pitching for Orlando Calrissian : RHP Dave Heath
Batting: RHB Alden Isenhood 0-0: Swinging Strike
0-1: Called Strike
0-2: Foul Ball, location: 2F
0-2: Ball
1-2: Ball
2-2: Fly out, F9 (Flyball, 9)
Batting: RHB Tony Morton 0-0: Ball
1-0: Called Strike
1-1: Ground out 4-3 (Groundball, 4S)
Batting: LHB Norberto Muñóz 0-0: Foul Ball, location: 2F
0-1: DOUBLE (Line Drive, 7LM)
Batting: LHB Chris Bates 0-0: Ball
1-0: Foul Ball, location: 2F
1-1: Fly out, F8 (Flyball, 78S)
Top of the 5th over - 0 run(s), 1 hit(s), 0 error(s), 1 left on base; Baffin Island 2 - Orlando 1
BOTTOM OF THE 5TH
Orlando Calrissian batting - Pitching for Baffin Island Beavers : RHP Jesse Little
Batting: RHB Frederico Hernández 0-0: Called Strike
0-1: Ball
1-1: Ground out 5-3 (Groundball, 56)
Batting: RHB Júlio Negrón 0-0: Foul Ball, location: 2F
0-1: Ground out 1-3 (Groundball, 13)
Batting: RHB Jesús Gonzáles 0-0: Called Strike
0-1: Ball
1-1: Ball
2-1: Swinging Strike
2-2: Strikes out looking
Bottom of the 5th over - 0 run(s), 0 hit(s), 0 error(s), 0 left on base; Baffin Island 2 - Orlando 1
TOP OF THE 6TH
Baffin Island Beavers batting - Pitching for Orlando Calrissian : RHP Dave Heath
Batting: RHB Dave Craig 0-0: Foul Ball, location: 2F
0-1: Ball
1-1: Foul Ball, location: 2F
1-2: Ball
2-2: Foul Ball, location: 2F
2-2: Ball
3-2: Foul Ball, location: 2F
3-2: Foul Ball, location: 2F
3-2: Ground out 6-3 (Groundball, 6)
Batting: LHB Lorenzo Villa 0-0: Foul Ball, location: 2F
0-1: Ground out U3 (Groundball, 34)
Batting: SHB Alonso Ferreira 0-0: Ball
1-0: Ball
2-0: Called Strike
2-1: Foul Ball, location: 2F
2-2: Foul Ball, location: 2F
2-2: Foul Ball, location: 2F
2-2: Ball
3-2: Ground out 6-3 (Groundball, 6)
Top of the 6th over - 0 run(s), 0 hit(s), 0 error(s), 0 left on base; Baffin Island 2 - Orlando 1
BOTTOM OF THE 6TH
Orlando Calrissian batting - Pitching for Baffin Island Beavers : RHP Jesse Little
Batting: SHB Brian Price 0-0: Swinging Strike
0-1: Ball
1-1: Called Strike
1-2: Strikes out swinging
Batting: RHB José Pérez 0-0: Ball
1-0: Ball
2-0: Ball
3-0: Base on Balls
Batting: LHB Santiago Márquez 0-0: Ball
1-0: Foul Ball, location: 2F
1-1: Ball
2-1: Ball
3-1: 2-RUN HOME RUN (Flyball, 89XD), Distance : 453 ft
Batting: RHB Rich Anderson 0-0: Ball
1-0: Ball
2-0: Called Strike
2-1: Ball
3-1: Called Strike
3-2: SOLO HOME RUN (Flyball, 78XD), Distance : 392 ft
Batting: RHB Raúl Canó 0-0: Fly out, F8 (Flyball, 8LD)
Batting: SHB Tim Abbott 0-0: SINGLE (Line Drive, 7S)
Batting: RHB Frederico Hernández 0-0: Foul Ball, location: 2F
0-1: Ball
1-1: Swinging Strike
1-2: Strikes out swinging
Bottom of the 6th over - 3 run(s), 3 hit(s), 0 error(s), 1 left on base; Baffin Island 2 - Orlando 4
TOP OF THE 7TH
Baffin Island Beavers batting - Pitching for Orlando Calrissian : RHP Dave Heath
Pitching: RHP Will Huggins
Batting: LHB Sammy Marshall 0-0: Swinging Strike
0-1: Ground out 4-3 (Groundball, 4)
Batting: LHB Mike MacFadden 0-0: Ball
1-0: Swinging Strike
1-1: Foul Ball, location: 2F
1-2: Ground out 4-3 (Groundball, 4S)
Batting: RHB Alden Isenhood 0-0: Called Strike
0-1: Ball
1-1: Ball
2-1: Ball
3-1: Fly out, F9 (Flyball, 9LM)
Top of the 7th over - 0 run(s), 0 hit(s), 0 error(s), 0 left on base; Baffin Island 2 - Orlando 4
BOTTOM OF THE 7TH
Orlando Calrissian batting - Pitching for Baffin Island Beavers : RHP Jesse Little
Batting: RHB Júlio Negrón 0-0: Fly out, F7 (Flyball, 7)
Batting: RHB Jesús Gonzáles 0-0: Called Strike
0-1: Swinging Strike
0-2: Ball
1-2: Strikes out looking
Batting: SHB Brian Price 0-0: Called Strike
0-1: Foul Ball, location: 2F
0-2: Foul Ball, location: 2F
0-2: Fly out, F8 (Flyball, 8LXD)
Bottom of the 7th over - 0 run(s), 0 hit(s), 0 error(s), 0 left on base; Baffin Island 2 - Orlando 4
TOP OF THE 8TH
Baffin Island Beavers batting - Pitching for Orlando Calrissian : RHP Will Huggins
Batting: RHB Tony Morton 0-0: Ball
1-0: Fly out, F8 (Flyball, 8RXD)
Batting: LHB Norberto Muñóz 0-0: Ball
1-0: Swinging Strike
1-1: Ball
2-1: Ball
3-1: Base on Balls
Pitching: LHP Pepe Caro
Batting: LHB Chris Bates 0-0: Ball
1-0: Foul Ball, location: 2F
1-1: Ball
2-1: Foul Ball, location: 2F
2-2: Foul Ball, location: 2F
2-2: Fielders Choice at 2nd, 6-4 (Groundball, 6)
Batting: RHB Dave Craig 0-0: Swinging Strike
0-1: Ball
1-1: Called Strike
1-2: SINGLE (Groundball, 4MD)
Chris Bates to second
Runner from 2nd tries for 3rd, SAFE, no throw
Pitching: LHP Mike Murray
Pinch Hitting: RHB José Aguilera 0-0: Ball
1-0: Called Strike
1-1: Swinging Strike
1-2: Strikes out swinging
Top of the 8th over - 0 run(s), 1 hit(s), 0 error(s), 2 left on base; Baffin Island 2 - Orlando 4
BOTTOM OF THE 8TH
Orlando Calrissian batting - Pitching for Baffin Island Beavers : RHP Jesse Little
Pitching: LHP Jaime Guzmán
Now at 1B: Ángelo García
Batting: RHB José Pérez 0-0: Swinging Strike
0-1: Ball
1-1: Ball
2-1: Fly out, F6 (Popup, 4M)
Batting: LHB Santiago Márquez 0-0: Ball
1-0: Ground out 4-3 (Groundball, 4)
Batting: RHB Rich Anderson 0-0: Ball
1-0: Ball
2-0: Swinging Strike
2-1: Ball
3-1: SINGLE (Flyball, 9LS)
Batting: RHB Raúl Canó 0-0: Fly out, F7 (Flyball, 7S)
Bottom of the 8th over - 0 run(s), 1 hit(s), 0 error(s), 1 left on base; Baffin Island 2 - Orlando 4
TOP OF THE 9TH
Baffin Island Beavers batting - Pitching for Orlando Calrissian : LHP Mike Murray
Pitching: LHP Xavier Velázquez
Batting: SHB Alonso Ferreira 0-0: Ball
1-0: Fly out, F9 (Flyball, 9)
Batting: LHB Sammy Marshall 0-0: Called Strike
0-1: Ball
1-1: Swinging Strike
1-2: Strikes out swinging
Batting: LHB Mike MacFadden 0-0: Called Strike
0-1: Swinging Strike
0-2: Strikes out swinging
Top of the 9th over - 0 run(s), 0 hit(s), 0 error(s), 0 left on base; Baffin Island 2 - Orlando 4
Tuesday, August 8th, 2017 - OOTP Baseball 17.12 Build 75